AoeStats
← Я не понимаю

Yucatan

510833880Analyzed
4v4 RM · 11h ago on Oct 2, 2026· 46m 0s· 8 players
Game mode
Random Map
Map size
Large (8 player)
Population
200
Speed
Normal
Resources
Standard
Victory
Conquest
Starting age
Dark Age
Ending age
Imperial Age
RankedLock teamsTeams togetherTeam positionsShared explorationLock speedFull tech treeHidden civsTurbo modeCheats
Victory
Defeat
🇲🇽 Magyars · Mexico
979
+15
🇬🇧 Slavs · United Kingdom
976
+15
🇨🇭 Chinese · Switzerland
933
+16
928
+17
🇮🇹 Aztecs · Italy
971
-17
🇮🇹 Japanese · Italy
951
-16
🇮🇹 Gurjaras · Italy
929
-15
🇮🇹 Magyars · Italy
925
-15
Dife2K
12:14 Feudal Age
16:59 Castle Age
17:42 Double-Bit Axe
25:18 Loom
26:36 Wheelbarrow
29:38 Horse Collar
32:51 Bow Saw
32:54 Forging
32:44 Scale Mail Armor
33:05 Pikeman
35:30 Iron Casting
35:11 Chain Mail Armor
37:40 Heavy Plow
38:20 Squires
45:30 Imperial Age
44:37 Fletching
44:48 Padded Archer Armor
45:12 Atlatl
45:39 Elite Jaguar Warrior
demia342
11:34 Feudal Age
15:14 Castle Age
13:10 Double-Bit Axe
13:31 Horse Collar
13:49 Loom
17:04 Bow Saw
18:17 Heavy Plow
19:24 Wheelbarrow
20:11 Forging
20:04 Scale Mail Armor
20:14 Stone Mining
23:06 Padded Archer Armor
22:57 Fletching
23:27 Town Watch
23:56 Elite Skirmisher
29:32 Gold Mining
30:55 Wheelbarrow
32:00 Hand Cart
35:28 Imperial Age
34:56 Leather Archer Armor
36:56 Thumb Ring
36:48 Bodkin Arrow
37:24 Ring Archer Armor
37:54 Elite Samurai
42:05 Two-Man Saw
43:10 Bracer
42:35 Pikeman
44:14 Halberdier
44:55 Squires
Sbsl2011
2:28 Loom
11:48 Feudal Age
14:40 Bloodlines
23:19 Castle Age
23:41 Light Cavalry
27:54 Town Watch
29:09 Horse Collar
29:18 Double-Bit Axe
31:30 Scale Barding Armor
32:24 Ballistics
32:24 Bow Saw
33:48 Fletching
36:37 Chain Barding Armor
36:14 Bodkin Arrow
37:31 Wheelbarrow
38:02 Murder Holes
42:43 Imperial Age
43:07 Hussar
MioCompare
10:53 Feudal Age
13:10 Double-Bit Axe
18:13 Castle Age
20:32 Loom
24:54 Horse Collar
29:57 Heavy Plow
35:06 Forging
34:57 Scale Mail Armor
35:35 Fletching
39:04 Iron Casting
45:59 Wheelbarrow
45:44 Bow Saw
Bako
12:25 Feudal Age
17:17 Castle Age
15:42 Double-Bit Axe
15:50 Gold Mining
15:57 Stone Mining
18:22 Horse Collar
22:17 Bow Saw
26:42 Forging
28:21 Squires
28:07 Arson
29:23 Fletching
29:33 Padded Archer Armor
31:07 Iron Casting
35:36 Imperial Age
34:34 Stone Shaft Mining
35:30 Scale Mail Armor
35:35 Scale Barding Armor
36:48 Conscription
37:20 Gold Shaft Mining
37:29 Ballistics
38:11 Chemistry
37:27 Heavy Plow
39:04 Elite Fire Lancer
40:38 Chain Mail Armor
40:43 Chain Barding Armor
40:22 Bodkin Arrow
45:16 Blast Furnace
44:46 Plate Mail Armor
44:52 Plate Barding Armor
44:32 Leather Archer Armor
44:18 Bracer
Я не понимаю
11:11 Feudal Age
15:59 Castle Age
14:00 Double-Bit Axe
14:24 Gold Mining
16:22 Gold Shaft Mining
17:23 Wheelbarrow
17:34 Bow Saw
19:27 Stone Mining
20:26 Hand Cart
21:09 Stone Shaft Mining
24:50 Husbandry
26:44 Horse Collar
27:32 Scale Barding Armor
29:01 Two-Man Saw
29:02 Light Cavalry
29:10 Cavalier
31:06 Heavy Plow
31:46 Chain Barding Armor
31:45 Burgundian Vineyards
32:46 Scale Mail Armor
37:53 Imperial Age
37:25 Chain Mail Armor
37:20 Forging
38:22 Elite Coustillier
38:44 Hussar
40:21 Plate Barding Armor
40:16 Plate Mail Armor
40:35 Crop Rotation
43:52 Iron Casting
42:41 Paladin
Gwendreath
7:27 Loom
14:08 Feudal Age
15:24 Double-Bit Axe
19:23 Castle Age
17:36 Horse Collar
17:48 Gold Mining
17:48 Stone Mining
20:30 Bow Saw
23:28 Forging
23:18 Scale Mail Armor
26:41 Squires
26:38 Fletching
27:53 Scale Mail Armor
28:22 Pikeman
29:07 Heavy Plow
30:21 Wheelbarrow
31:31 Chain Mail Armor
42:40 Hand Cart
48:47 Imperial Age
46:03 Town Watch
DarkenL
6:18 Loom
11:23 Feudal Age
16:30 Castle Age
14:54 Double-Bit Axe
17:06 Fletching
31:14 Wheelbarrow
30:40 Bodkin Arrow
34:51 Imperial Age
35:25 Horse Collar
36:31 Heavy Plow
40:35 Bow Saw
42:08 Scale Barding Armor
42:18 Husbandry
43:00 Gold Mining
43:46 Crop Rotation
43:21 Cavalier
45:21 Gold Shaft Mining
44:38 Stone Mining
Connection lost

Rejoining the realm…

Still unreachable

The connection could not be restored.

Session expired

The server has moved on; the page needs a fresh start.